 Dungeon Sprint DCSS version 0.24-a0-250-g6074511092 (webtiles) character file.

Game seed: 5094540951727586028

6 Redear the Skirmisher (level 1, -13/18 HPs)
             Began as a Demonspawn Fighter on Apr 15, 2019.
             Killed by nerve-wracking pain
             ... invoked by Jessica
              (14 damage)
             ... in the Dungeon (Sprint III: "The Ten Rune Challenge").
             The game lasted 00:00:19 (126 turns).

Redear the Skirmisher (Demonspawn Fighter)           Turns: 126, Time: 00:00:19

Health: -13/18     AC:  6    Str: 16    XL:     1   Next: 75%
Magic:  1/1        EV:  6    Int:  9    God:
Gold:   0          SH:  8    Dex: 12    Spells: 0/0 levels left

rFire    + . .     SeeInvis .     - Unarmed
rCold    . . .     Gourm    .   b - +0 shield
rNeg     . . .     Faith    .   a - +0 scale mail
rPois    .         Spirit   .   (no helmet)
rElec    .         Reflect  .   (no cloak)
rCorr    .         Harm     .   (no gloves)
MR       .....     NoTele   +   (no boots)
Stlth    ..........             (no amulet)
HPRegen  0.06/turn              f - ring of protection from fire {rF+}
MPRegen  0.07/turn              (no ring)

@: no status effects
A: no striking features
a: no special abilities


You were in the Dungeon.
You were not hungry.

You visited 1 branch

Inventory:

Armour
 a - a +0 scale mail (worn)
 b - a +0 shield (worn)
Jewellery
 f - a ring of protection from fire (left hand) {rF+}
Scrolls
 B - a scroll of blinking {@r4}
Potions
 c - a potion of might {Str+5 DMG+1d10 | @q3}
 d - a potion of heal wounds {@q1}
 h - 2 potions of magic
 i - a potion of berserk rage
 H - a potion of haste {@q5}
 Q - a potion of curing {@q2}
Comestibles
 z - a ration


   Skills:
 + Level 3.5 Fighting
 + Level 3.1 Armour
 + Level 3.1 Shields
 + Level 2.3 Unarmed Combat


You couldn't memorise any spells.
You didn't know any spells.
Your spell library was empty.

Dungeon Overview and Level Annotations

Branches:
Dungeon (1/1)

Altars:

Annotations:
D Jessica


Message History

Put on which piece of jewellery? (? for menu, Esc to quit)
d - a ring of protection from fire (left hand)
f - a ring of protection from fire (left hand)
d - a potion of heal wounds {@q1} Unknown command.
No target in view!
Jessica the Apprentice Sorceress comes into view.
She is wielding a +0 club.
Jessica shouts!
Jessica gestures at you while chanting. Pain shoots through your body!
You take 4 damage, and have 13/18 hp.
MASSIVE DAMAGE!!
Jessica drinks a potion.
Jessica seems to speed up.
Jessica casts a spell at you. Pain shoots through your body!
Ouch! That really hurt!
* * * LOW HITPOINT WARNING * * *
Jessica points at you and mumbles some strange words.
Pain shoots through your body!
Ouch! That really hurt!
You die...

▓▓▓▓▓▓▓▓▓
▓<..#...####
▓...#......##
▓..##.......#
▓##.##.##...#
##.##.###..#
▓#.####.##..#
▓.###..##@.##
▓#.....##..#
###†.##@..#
##..##....#
#..###..##.
#(.# #.. ##
▓▓▓▓ ▓▓▓


You could see Jessica.

Vanquished Creatures
  An ooze (D)
  2 rats (D)
3 creatures vanquished.

Vanquished Creatures (others)
  5 hellions (D)
  A yaktaur (D)
  3 plants (D)
9 creatures vanquished.

Grand Total: 12 creatures vanquished

Notes
Turn   | Place    | Note
-------+----------+-------------------------------------------
     0 | D        | Redear the Demonspawn Fighter began the quest for the Orb.
     0 | D        | Reached XP level 1. HP: 18/18 MP: 1/1
    20 | D        | Reached skill level 3 in Armour
    20 | D        | Reached skill level 3 in Shields
    20 | D        | Reached skill level 2 in Unarmed Combat
    89 | D        | Killed a yaktaur
    96 | D        | Killed a hellion
    98 | D        | Killed a hellion
   103 | D        | Killed a hellion
   104 | D        | Killed a hellion
   105 | D        | Killed a hellion
   124 | D        | Noticed Jessica
   126 | D        | HP: 1/18 [Jessica/nerve-wracking pain (12)]
   126 | D        | Killed from afar by Jessica

Levels and vault maps discovered:
D:        dungeon_sprint_mu [sprint_mu_entry_cave, sprint_mu_temple_rooms,
          sprint_mu_d1_horrors, sprint_mu_d2_genie, sprint_mu_d3_branching,
          sprint_mu_orc_legion, sprint_mu_elf_gauntlet, sprint_mu_hive_nellie,
          sprint_mu_lair_fedhas, sprint_mu_vaults_butterflies,
          sprint_mu_slime_circle, sprint_mu_swamp_cave, sprint_mu_shoals_kraken,
          sprint_mu_blade_basic, sprint_mu_crypt_fortress,
          sprint_mu_tomb_spiral, sprint_mu_vestibule_basic,
          sprint_mu_gehenna_hellfire, sprint_mu_dis_giant,
          sprint_mu_tartarus_statrot, sprint_mu_cocytus_islands, sprint_mu_zot1]

Skill      XL: |  1 |
---------------+----+-----
Armour         | 3 |  3.1
Shields        | 3 |  3.1
Unarmed Combat | 2 |  2.3
Fighting       | |  3.5

Action                   || total
-------------------------++-------
Melee: Unarmed           ||    20
Armor: Scale mail        ||     8
Dodge: Dodged            ||     2
Block: Shield            ||     6

Table legend:
 A = Non-vault XP
 B = Vault XP
 C = Vault XP percentage of total XP
 D = Non-vault monster count
 E = Vault monster count
 F = Vault count percentage of total count
                 A         B        C        D         E       F
            +---------+---------+-------+---------+---------+-------
      Total |       0 |       9 | 100.0 |       0 |       3 | 100.0
            +---------+---------+-------+---------+---------+-------
          D |       0 |       9 | 100.0 |       0 |       3 | 100.0
            +---------+---------+-------+---------+---------+-------
